 Dungeon Crawl Stone Soup version 0.28.0-53-g5a82cb258f (webtiles) character file.

Game seed: 11781300920418678776

310 safid the Chopper (level 6, 0/52 HPs)
             Began as a Hill Orc Fighter on July 23, 2022.
             Slain by Dowan
             ... wielding a +0 dagger of venom
              (5 damage)
             ... on level 4 of the Dungeon.
             The game lasted 00:02:35 (3050 turns).

safid the Chopper (Hill Orc Fighter)                Turns: 3050, Time: 00:02:36

Health: 0/52       AC:  7    Str: 21    XL:     6   Next: 41%
Magic:  6/6        EV:  9    Int:  8    God:
Gold:   74         SH:  4    Dex: 10    Spells: 5/5 levels left

rFire   . . .      SeeInvis .   a - +0 war axe
rCold   . . .      Faith    .   c - +0 buckler
rNeg    . . .      Spirit   .   b - +0 scale mail
rPois   .          Reflect  .   (no helmet)
rElec   .          Harm     .   (no cloak)
rCorr   .          Rampage  .   (no gloves)
Will    .....                   (no boots)
Stlth   ..........              (no amulet)
HPRegen 0.17/turn               (no ring)
MPRegen 0.10/turn               (no ring)

@: lethally poisoned (0 -> -29), hasted, very quick
A: no striking features
a: no special abilities


You were on level 4 of the Dungeon.
You visited 1 branch of the dungeon, and saw 4 of its levels.

You collected 74 gold pieces.

Inventory:

Hand Weapons
 a - a +0 war axe (weapon)
Missiles
 d - 6 boomerangs of dispersal (quivered)
Armour
 b - a +0 scale mail (worn)
 c - a +0 buckler (worn)
Jewellery
 l - an amulet of guardian spirit
Scrolls
 e - 3 scrolls of fear {unknown}
 f - 6 scrolls of identify {unknown}
 g - 2 scrolls of noise {unknown}
 k - 2 scrolls of teleportation {unknown}
 n - a scroll of enchant weapon {unknown}
 o - a scroll of vulnerability {unknown}
 p - a scroll of acquirement {unknown}
Potions
 j - a potion of haste
 m - a potion of heal wounds {unknown}


   Skills:
 - Level 4.0 Fighting
 + Level 7.6 Axes
 - Level 4.0 Armour
 - Level 4.0 Shields


You had 5 spell levels left.
You didn't know any spells.
Your spell library was empty.

Dungeon Overview and Level Annotations

Branches:
Dungeon (4/15)
 Temple: D:4-7

Altars:

Annotations:
D:3 2 transporters, doricub5's ghost, weakling MiFi
D:4 Dowan


Message History

The hobgoblin hits you but does no damage.
Dowan hits you with a +0 dagger of venom.
You are poisoned.
You closely miss Dowan.
Dowan is moderately wounded.
You barely miss the hobgoblin.
You feel sick. You block Dowan's attack. The hobgoblin closely misses you.
You completely miss Dowan.
Dowan is moderately wounded.
You closely miss the hobgoblin.
You feel sick. Dowan barely misses you. The hobgoblin closely misses you.
You closely miss Dowan.
Dowan is moderately wounded.
You hit the hobgoblin.
You kill the hobgoblin!
You feel sick. Dowan barely misses you.
Dowan hits you with a +0 dagger of venom.
You are more poisoned.
You closely miss Dowan.
Dowan is moderately wounded.
You feel sick. Dowan hits you but does no damage.
You are more poisoned.
You closely miss Dowan.
Dowan is moderately wounded.
You feel very sick.
Dowan hits you with a +0 dagger of venom.
You are lethally poisoned!
You barely miss Dowan.
Dowan is moderately wounded.
* * * LOW HITPOINT WARNING * * *
You feel very sick.
Dowan hits you with a +0 dagger of venom.
* * * LOW HITPOINT WARNING * * *
You are more poisoned.
You miss Dowan.
Dowan is moderately wounded.
* * * LOW HITPOINT WARNING * * *
You feel very sick.
Dowan hits you with a +0 dagger of venom.
You die...

..#!.#e.#.#..#.
.............#.g##.#..#.#..#.
.............##..#.#...#...#.
.............##...o#..(#...#.
.............###..##...#...##
.............######....#....#
..................(..........
................#e........####
[#.............<@)........#
.##>....#........#........#
##.....##......######...###
#.##.....###.## ##..#
##.#.....##...# ..#
...#)....##.### ..#
............# # ..........###
..........#


You could see Dowan (fast).

Vanquished Creatures
  Duvessa (D:4)
  A bullfrog (D:4)
  A hound (D:4)
  A bullfrog skeleton (D:4)
  A jelly (D:4)
  An adder (D:4)
  A worm (D:4)
  2 ball pythons
  2 endoplasms
  3 giant cockroaches
  5 goblins
  4 hobgoblins
  2 jackals (D:3)
  3 kobolds
  3 quokkas
  5 bats
  A frilled lizard (D:1)
  2 rats
39 creatures vanquished.

Notes
Turn   | Place    | Note
-------+----------+-------------------------------------------
     0 | D:1      | safid the Hill Orc Fighter began the quest for the Orb.
     0 | D:1      | Reached XP level 1. HP: 19/19 MP: 1/1
   241 | D:1      | Reached XP level 2. HP: 27/27 MP: 2/2
   256 | D:1      | Reached skill level 3 in Axes
  1861 | D:3      | Reached XP level 3. HP: 33/33 MP: 3/3
  2305 | D:3      | Found a transporter.
  2310 | D:3      | Found a transporter.
  2310 | D:3      | Noticed doricub5's ghost (weakling MiFi)
  2584 | D:4      | Noticed a bullfrog
  2597 | D:4      | Killed a bullfrog
  2598 | D:4      | Reached skill level 5 in Axes
  2598 | D:4      | Reached XP level 4. HP: 12/40 MP: 4/4
  2818 | D:4      | Reached XP level 5. HP: 38/46 MP: 5/5
  2896 | D:4      | Reached skill level 6 in Axes
  3016 | D:4      | Noticed Dowan
  3016 | D:4      | Noticed Duvessa
  3037 | D:4      | Killed Duvessa
  3038 | D:4      | Reached skill level 7 in Axes
  3038 | D:4      | Reached XP level 6. HP: 38/52 MP: 6/6
  3050 | D:4      | Slain by Dowan

Illustrated notes

Levels and vault maps discovered:
D:1:      mainiacjoe_arrival_reflecting_pool, layout_basic
D:2:      layout_basic
D:3:      layout_basic, gammafunk_ghost_mausoleum
D:4:      layout_rooms, minmay_puff, uniq_sigmund, uniq_duvessa

Skill      XL: |  1  2  3  4  5 |
---------------+----------------+-----
Axes           | 3 5 7 |  7.6
Fighting       | 4 |  4.0
Armour         | 4 |  4.0
Shields        | 4 |  4.0

Action                   |  1- 3 |  4- 6 || total
-------------------------+-------+-------++-------
Melee: War axe           |   102 |    36 ||   138
Throw: Dart              |       |     4 ||     4
  Use: Potion            |     1 |     2 ||     3
Armor: Scale mail        |    74 |    16 ||    90
Dodge: Dodged            |    82 |    22 ||   104
Block: Buckler           |    31 |    11 ||    42
